AoeStats
← Paulo Silas

Arena

509787897Analyzed
2v2 RM · 4d ago on Sep 28, 2026· 43m 12s· 4 players
Game mode
Random Map
Map size
Medium (4 player)
Population
200
Speed
Normal
Resources
Standard
Victory
Conquest
Starting age
Dark Age
Ending age
Imperial Age
RankedLock teamsTeams togetherTeam positionsShared explorationLock speedFull tech treeHidden civsTurbo modeCheats
Victory
Defeat
🇦🇷 Spanish · Argentina
1295
+11
🇦🇷 Mongols · Argentina
1123
+18
🇺🇸 Bulgarians · United States
1195
-15
🇺🇸 Poles · United States
1164
-14
WE LIVE OR WE DIE!!&I WANNA LIVE
9:49 Feudal Age
20:59 Castle Age
20:51 Double-Bit Axe
40:27 Wheelbarrow
43:21 Hand Cart
ChessPro2007
10:31 Feudal Age
11:24 Double-Bit Axe
13:21 Horse Collar
19:40 Castle Age
21:33 Wheelbarrow
21:01 Husbandry
21:24 Light Cavalry
23:21 Loom
26:34 Hand Cart
28:29 Town Watch
29:41 Bow Saw
29:32 Heavy Plow
34:01 Imperial Age
31:57 Gold Mining
32:02 Stone Mining
32:20 Scale Barding Armor
32:26 Forging
33:27 Chain Barding Armor
33:18 Bloodlines
35:15 Conscription
34:35 Onager
41:21 Plate Barding Armor
42:22 Siege Engineers
Paulo Silas
9:54 Feudal Age
12:14 Double-Bit Axe
14:49 Castle Age
13:56 Horse Collar
16:40 Loom
20:22 Fletching
21:46 Padded Archer Armor
24:48 Bodkin Arrow
25:09 Leather Archer Armor
26:47 Husbandry
30:43 Imperial Age
29:05 Ballistics
29:36 Bloodlines
31:42 Bracer
32:37 Wheelbarrow
32:59 Gold Mining
41:52 Forging
41:47 Scale Barding Armor
JRR
11:32 Feudal Age
12:32 Loom
15:13 Castle Age
14:23 Gold Mining
16:16 Fletching
24:30 Bloodlines
26:12 Double-Bit Axe
26:40 Husbandry
28:16 Horse Collar
36:22 Imperial Age
35:12 Forging
35:07 Scale Barding Armor
35:52 Wheelbarrow
35:34 Heavy Plow
35:47 Bow Saw
36:32 Cavalier
37:52 Iron Casting
37:37 Chain Barding Armor
40:36 Blast Furnace
40:23 Paladin
43:36 Plate Barding Armor
Connection lost

Rejoining the realm…

Still unreachable

The connection could not be restored.

Session expired

The server has moved on; the page needs a fresh start.